 Dungeon Crawl Stone Soup version 0.31-a0-217-g58bb5d79cf (webtiles) character file.

Game seed: 1081638357060354710

80766 qw the Severer (level 15, -8/98 HPs)
             Began as a Gargoyle Fighter on July 2, 2023.
             Was an Elder of Okawaru.
             Killed from afar by Azrael (48 damage)
             ... with a bolt of fire
             ... on level 14 of the Dungeon.
             The game lasted 00:09:51 (19723 turns).

qw the Severer (Gargoyle Fighter)                  Turns: 19723, Time: 00:09:52

Health: -8/98      AC: 41    Str: 29    XL:     15   Next: 68%
Magic:  22/22      EV: 14    Int:  9    God:    Okawaru [****..]
Gold:   250        SH:  7    Dex: 15    Spells: 14/14 levels left

rFire   . . .        Y - +6 broad axe (flame)
rCold   . . .        c - +0 buckler
rNeg    + . .        f - +7 chain mail "Henaqaust" {rCorr Str+2}
rPois   inf          (no helmet)
rElec   +            v - +0 cloak
rCorr   +            a - +2 pair of gloves
SInv    .            h - +3 pair of seven-league boots {Rampage+∞}
Will    +....        m - amulet of faith
Stlth   x              - +6 ring of dexterity
HPRegen 0.36/turn    (no ring)
MPRegen 0.18/turn

%: rampage+inf, faith
@: on fire, about to teleport, heroic, flying, glowing
A: sickness immunity, AC +11, big wings, negative energy resistance 1,
electricity resistance, torment resistance 1, petrification resistance
a: Renounce Religion, Heroism, Finesse


You were on level 14 of the Dungeon.
You worshipped Okawaru.
Okawaru was greatly pleased with you.
You visited 3 branches of the dungeon, and saw 20 of its levels.

You collected 1229 gold pieces.
You spent 979 gold pieces at shops.


Innate Abilities, Weirdness & Mutations

You are immune to sickness and miasma.
Your stone body is resilient. (AC +11)
You are immune to poison.
Your large and strong wings let you fly.
You resist negative energy. (rN+)
You are resistant to electric shocks. (rElec)
You are resistant to unholy torment.
You are immune to petrification.


   Skills:
 - Level 13.0(18.0) Fighting
 - Level 17.1(22.1) Axes
 + Level 6.7(11.7) Throwing
 - Level 10.0(15.0) Armour
 - Level 5.0(10.0) Dodging
 - Level 8.2(13.2) Shields
 - Level 10.0 Invocations


You had 14 spell levels left.
You didn't know any spells.
Your spell library was empty.

Inventory:

Hand Weapons
 Y - a +6 broad axe of flaming (weapon)
Missiles
 i - 9 boomerangs (quivered)
 p - 3 silver javelins
 B - a javelin
Armour
 a - a +2 pair of gloves (worn)
 c - a +0 buckler (worn)
 f - the +7 chain mail "Henaqaust" (worn) {rCorr Str+2}
   (Okawaru gifted it to you on level 2 of the Lair of Beasts)

   Str:       It affects your strength (+2).
   rCorr:     It protects you from acid and corrosion.
 h - the +3 pair of seven-league boots (worn) {Rampage+∞}
   (You found it on level 10 of the Dungeon)

   Rampage+∞: When moving toward enemies, its wearer moves as far as possible,
   alerting their target en route.
 j - an orb of fire resistance
 r - the +3 hat of Pondering {ponderous, Will+ MP+10 Int+5}
   (You took it off Gastronok on level 3 of the Lair of Beasts)

   Int:       It affects your intelligence (+5).
   MP:        It affects your magic capacity (+10).
   Will:      It increases your willpower.
 v - a +0 cloak (worn)
 w - a +4 chain mail of cold resistance
 y - a +0 tower shield
Jewellery
 b - a ring of ice
 m - an amulet of faith (around neck)
 x - a +6 ring of dexterity (left hand)
Scrolls
 e - 4 scrolls of identify
 g - 7 scrolls of teleportation
Potions
 d - 5 potions of might
 k - 3 potions of enlightenment
 l - 7 potions of curing
 n - a potion of heal wounds
 o - a potion of mutation
 q - 2 potions of cancellation
 s - a potion of magic
 t - 5 potions of attraction
 u - 2 potions of lignification
 z - a potion of resistance
 A - a potion of haste

Dungeon Overview and Level Annotations

Branches:
Dungeon (14/15)            Temple (1/1) D:6            Lair (5/5) D:11
 Shoals (0/4) Lair:2       Spider (0/4) Lair:2        Slime (0/5) Lair:4
    Orc (0/2) D:12
 Vaults: D:13-14

Altars:
Ashenzari
Cheibriados
Dithmenos
Elyvilon
Fedhas
Gozag
Hepliaklqana
Kikubaaqudgha
Makhleb
Nemelex Xobeh
Okawaru
Qazlal
Ru
Sif Muna
Trog
Uskayaw
Vehumet
Wu Jian
Xom
Yredelemnul
Zin
The Shining One
Jiyva

Shops:
D:5 :   D:6 *   D:12 ?   D:13 !

Annotations:
D:9 2 runed translucent doors
D:14 Azrael
Lair:3 3 runed translucent doors, qw's ghost, journeyman GrFi
Lair:5 2 runed translucent doors, qw's ghost, journeyman GrFi


Message History

You destroy the fire elemental!
Okawaru accepts your kill.
Azrael howls in rage.
You hit Azrael.
Azrael is lightly wounded.
You hit Azrael but do no damage.
Azrael is lightly wounded.
Azrael gestures at you.
The sphere of damnation explodes!
The damnation engulfs you!!
The damnation engulfs Azrael.
Azrael completely resists.
You completely miss Azrael.
Azrael is lightly wounded.
Azrael misses you.
You hit Azrael.
Azrael is lightly wounded.
You slash Azrael!
Azrael is moderately wounded.
Azrael closely misses you.
You slice Azrael!!
Azrael is heavily wounded.
Azrael blows smoke rings.
Azrael gestures at you.
The sphere of damnation explodes!
The damnation engulfs you!!
The damnation engulfs Azrael.
Azrael completely resists.
19721 ||| READING 8 scrolls of teleportation.
As you read the scroll of teleportation, it crumbles to dust.
You feel strangely unstable. Azrael gestures at you.
The sticky flame hits you but does no damage.
You are covered in liquid flames!
19722 ||| DRINKING 3 potions of heal wounds.
You feel much better.
You are covered in liquid flames!
You block Azrael's attack.
19723 ||| DRINKING 2 potions of heal wounds.
You feel much better.
You are covered in liquid flames!
Azrael gestures at you. The bolt of fire hits you!!!
You die...

'...# #............#...#
#>######.<.###...####...#
#...#..#...# #.}.#......#
###.#.###### #...#......#
#.....# #...#......#
####### #..:.).....#
###.######## #)..#####
#@....... #ER........
#.E#......[.
#..##........ #.#
#........ ... #........
..# #>....... ..
#........


You could see Azrael and 2 fire elementals.

Vanquished Creatures
  Gastronok (Lair:3)
  Agnes (D:14)
  Louise (D:14)
  An ironbound preserver (D:14)
  Nessos (D:14)
  Josephine (D:14)
  Erolcha (D:13)
  Fannar (D:12)
  5 hydras
  2 centaur warriors
  A catoblepas (Lair:2)
  12 death yaks
  2 boulder beetles
  3 two-headed ogres
  A demonic crawler (D:13)
  Urug (D:10)
  4 skeletal warriors (D:13)
  A skyshark (Lair:5)
  3 lindwurms (Lair:5)
  A phantasmal warrior (D:10)
  3 harpies (Lair:2)
  A wizard (D:14)
  A wolf spider (Lair:2)
  2 ugly things
  A deep elf pyromancer (D:13)
  5 cyclopes
  8 elephants
  A moth of wrath (D:13)
  2 manticores
  8 black mambas
  A guardian serpent (D:10)
  Maurice (D:13)
  6 slime creatures
  A gargoyle (D:12)
  6 torpor snails (Lair:5)
  2 unseen horrors
  2 rime drakes (Lair:5)
  9 cane toads
  3 yaktaurs (D:13)
  10 komodo dragons
  A tengu conjurer (D:14)
  3 kobold demonologists
  An efreet (D:14)
  8 trolls
  4 tyrant leeches
  A polar bear (Lair:5)
  8 hornets
  Prince Ribbit (D:6)
  21 blink frogs
  14 dream sheep (Lair:5)
  3 shadows
  43 yaks
  11 wraiths
  3 wyverns
  2 steam dragons
  A vampire (D:12)
  10 basilisks
  4 fire elementals (D:14)
  6 vampire mosquitoes
  2 swamp worms (D:13)
  18 water moccasins
  A hell hound (D:14)
  3 ice beasts
  A sky beast (D:7)
  4 black bears
  4 boggarts (D:14)
  12 wolves
  10 centaurs
  A phantom (D:7)
  11 bullfrogs
  3 kobold brigands
  2 scorpions
  13 wights
  6 howler monkeys
  4 crimson imps (D:7)
  3 hounds
  An orc priest (D:8)
  2 gnoll boudas
  3 jellies (Lair:4)
  2 iguanas
  6 orc wizards
  A sleepcap (D:6)
  Terence (D:2)
  Natasha (D:2)
  4 hell rats (Lair:5)
  19 gnolls
  3 adders (D:4)
  A shadow imp (D:7)
  4 worms
  3 dart slugs
  16 orcs
  4 ball pythons
  4 endoplasms
  4 giant cockroaches
  4 goblins
  5 hobgoblins
  2 quokkas (D:2)
  3 bats
  3 frilled lizards
  12 kobolds
  7 rats
  A butterfly (Lair:4)
476 creatures vanquished.

Vanquished Creatures (others)
  A boggart (D:14)
1 creature vanquished.

Grand Total: 477 creatures vanquished

Notes
Turn   | Place    | Note
-------+----------+-------------------------------------------
     0 | D:1      | qw the Gargoyle Fighter began the quest for the Orb.
     0 | D:1      | Reached XP level 1. HP: 14/14 MP: 1/1
     0 | D:1      | 0 ||| qw: Version: 0.3-a-40-ge99b1a8
     0 | D:1      | 0 ||| qw: Game counter: 94
     0 | D:1      | 0 ||| qw: Melee chars always use a shield: true
     0 | D:1      | 0 ||| qw: God list: Okawaru
     0 | D:1      | 0 ||| qw: Allow faded altars: false
     0 | D:1      | 0 ||| qw: Do Orc after clearing Dungeon:15 true
     0 | D:1      | 0 ||| qw: Do second Lair branch before Depths: true
     0 | D:1      | 0 ||| qw: Lair rune preference: random
     0 | D:1      | 0 ||| qw: Goals: Normal, Zot:1-4, Slime:5, God:TSO, Crypt,
                  | Tomb, Abyss, Pan, Hells, Win
     0 | D:1      | 0 ||| PLANNING D:1-11
    43 | D:1      | Reached skill level 2 in Axes
   131 | D:1      | Reached XP level 2. HP: 19/19 MP: 2/2
   709 | D:1      | 709 ||| READING scroll labelled ZAUTASAACO.
   710 | D:1      | 710 ||| READING 2 scrolls labelled JEEDAA OXAVO.
   711 | D:1      | 711 ||| READING scroll labelled FIDIOF MYOD.
   715 | D:1      | 715 ||| DRINKING 2 viscous cyan potions.
   812 | D:2      | Found a faded altar of an unknown god.
   815 | D:2      | 815 ||| SWAPPING to +0 broad axe of freezing.
   816 | D:2      | 816 ||| DROPPING +0 war axe.
   879 | D:2      | 879 ||| DROPPING +0 club.
   983 | D:2      | 983 ||| Stepping ~*~*~tactically~*~*~ (stealth).
   985 | D:2      | 985 ||| Stepping ~*~*~tactically~*~*~ (stealth).
   996 | D:2      | Reached skill level 3 in Axes
  1002 | D:2      | Reached XP level 3. HP: 21/23 MP: 3/3
  1175 | D:2      | Noticed Terence
  1189 | D:2      | Killed Terence
  1248 | D:2      | Reached XP level 4. HP: 28/28 MP: 4/4
  1327 | D:2      | Noticed Natasha
  1328 | D:2      | 1328 ||| Stepping ~*~*~tactically~*~*~ (hiding).
  1330 | D:2      | 1330 ||| Stepping ~*~*~tactically~*~*~ (hiding).
  1331 | D:2      | 1331 ||| Stepping ~*~*~tactically~*~*~ (hiding).
  1336 | D:2      | Killed Natasha
  1337 | D:2      | Reached skill level 4 in Axes
  1506 | D:2      | You fall into a shaft and drop 1 floor!
  1624 | D:3      | 1624 ||| Stepping ~*~*~tactically~*~*~ (hiding).
  1627 | D:3      | 1627 ||| Stepping ~*~*~tactically~*~*~ (hiding).
  1826 | D:3      | 1826 ||| UPGRADING to +0 plate armour.
  1836 | D:3      | 1836 ||| DROPPING +0 scale mail.
  1837 | D:3      | 1837 ||| UPGRADING to +0 pair of boots.
  1842 | D:3      | 1842 ||| READING 2 scrolls of enchant armour.
  1842 | D:3      | 1842 ||| ENCHANTING +0 pair of boots.
  1843 | D:3      | 1843 ||| READING scroll of enchant armour.
  1843 | D:3      | 1843 ||| ENCHANTING +1 pair of boots.
  1844 | D:3      | 1844 ||| READING scroll labelled OBLEOJ HEANAEW.
  1845 | D:3      | 1845 ||| READING 2 scrolls labelled EDAIMN ANEAL.
  1864 | D:3      | 1864 ||| READING scroll labelled CIMPET ZUODU.
  1965 | D:3      | 1965 ||| READING scroll labelled SIXKIT WOIL.
  1966 | D:3      | 1966 ||| READING scroll labelled HER UHOIGIADO.
  1967 | D:3      | 1967 ||| DRINKING 2 blue potions.
  1968 | D:3      | 1968 ||| DROPPING scroll of torment.
  2144 | D:3      | Found an ornate altar of the Wu Jian Council.
  2175 | D:3      | 2175 ||| DRINKING potion of curing.
  2175 | D:3      | 2175 ||| (to cure confusion)
  2177 | D:3      | Reached XP level 5. HP: 29/32 MP: 5/5
  2390 | D:3      | 2390 ||| UPGRADING to +0 pair of gloves.
  2395 | D:3      | 2395 ||| DRINKING 2 smoky amethyst potions.
  2405 | D:3      | 2405 ||| Stepping ~*~*~tactically~*~*~ (stealth).
  2406 | D:3      | 2406 ||| Stepping ~*~*~tactically~*~*~ (stealth).
  2409 | D:3      | 2409 ||| Stepping ~*~*~tactically~*~*~ (stealth).
  2429 | D:4      | Reached skill level 5 in Axes
  2593 | D:4      | 2593 ||| DROPPING +0 whip.
  2674 | D:4      | Reached XP level 6. HP: 34/39 MP: 6/6
  2881 | D:4      | 2881 ||| READING scroll labelled SOEVVE GEMAXT.
  2882 | D:4      | 2882 ||| READING scroll labelled MYETUO KIEDYQ.
  2894 | D:5      | Entered Level 5 of the Dungeon
  2908 | D:5      | 2908 ||| Stepping ~*~*~tactically~*~*~ (stealth).
  2921 | D:5      | Found a burning altar of Makhleb.
  2995 | D:5      | 2995 ||| Stepping ~*~*~tactically~*~*~ (hiding).
  2996 | D:5      | 2996 ||| Stepping ~*~*~tactically~*~*~ (hiding).
  2997 | D:5      | 2997 ||| Stepping ~*~*~tactically~*~*~ (hiding).
  3001 | D:5      | 3001 ||| Stepping ~*~*~tactically~*~*~ (hiding).
  3002 | D:5      | 3002 ||| Stepping ~*~*~tactically~*~*~ (hiding).
  3052 | D:5      | Noticed an ice beast
  3063 | D:5      | Killed an ice beast
  3064 | D:5      | Reached skill level 6 in Axes
  3064 | D:5      | Reached XP level 7. HP: 29/44 MP: 7/7
  3121 | D:5      | 3121 ||| Stepping ~*~*~tactically~*~*~ (stealth).
  3123 | D:5      | 3123 ||| Stepping ~*~*~tactically~*~*~ (hiding).
  3133 | D:5      | Identified the +0 scale mail "Ymuacryho" {Stlth+}
  3163 | D:5      | 3163 ||| Stepping ~*~*~tactically~*~*~ (stealth).
  3179 | D:5      | Found Bunady's Vocational Training.
  3319 | D:5      | 3319 ||| Stepping ~*~*~tactically~*~*~ (stealth).
  3320 | D:5      | 3320 ||| Stepping ~*~*~tactically~*~*~ (stealth).
  3469 | D:5      | 3469 ||| Stepping ~*~*~tactically~*~*~ (hiding).
  3482 | D:5      | Reached skill level 7 in Axes
  3590 | D:5      | 3590 ||| READING scroll labelled EZY TOBEVVURPH.
  3591 | D:5      | 3591 ||| DRINKING 2 black potions.
  3592 | D:5      | 3592 ||| DRINKING 2 bubbling yellow potions.
  3593 | D:5      | 3593 ||| DROPPING potion of degeneration.
  3641 | D:6      | 3641 ||| READING scroll of enchant armour.
  3641 | D:6      | 3641 ||| ENCHANTING +0 pair of gloves.
  3855 | D:6      | 3855 ||| DRINKING 2 potions of curing.
  3855 | D:6      | 3855 ||| (to cure confusion)
  3857 | D:6      | Reached XP level 8. HP: 49/49 MP: 8/8
  3923 | D:6      | Found Siuc's Fire Supplies.
  3938 | D:6      | 3938 ||| SHOPLISTING +1 plate armour of fire resistance
                  | (385 gold, have 242).
  3938 | D:6      | 3938 ||| BUYING orb of fire resistance (176 gold).
  3938 | D:6      | Bought an orb of fire resistance for 176 gold pieces
  3938 | D:6      | 3938 ||| SHOPLISTING ring of fire (275 gold, have 66).
  3966 | D:6      | Found a hide-covered altar of Uskayaw.
  3989 | D:6      | Noticed Prince Ribbit
  4010 | D:6      | Killed Prince Ribbit
  4108 | D:6      | Found a staircase to the Ecumenical Temple.
  4109 | D:6      | 4109 ||| PLANNING TEMPLE
  4109 | D:6      | 4109 ||| READING scroll labelled IXOFIYL ISAYN.
  4110 | D:6      | 4110 ||| READING 2 scrolls labelled POMEDIPTIOD.
  4111 | D:6      | 4111 ||| DROPPING scroll of noise.
  4120 | Temple   | Entered the Ecumenical Temple
  4142 | Temple   | 4142 ||| PLANNING OKAWARU WORSHIP
  4289 | Temple   | Became a worshipper of Warmaster Okawaru
  4290 | Temple   | 4290 ||| PLANNING D:1-11
  4646 | D:7      | 4646 ||| Stepping ~*~*~tactically~*~*~ (stealth).
  4647 | D:7      | 4647 ||| Stepping ~*~*~tactically~*~*~ (stealth).
  4786 | D:7      | 4786 ||| FLEEEEING.
  4797 | D:7      | 4797 ||| FLEEEEING.
  4805 | D:7      | 4805 ||| FLEEEEING.
  4846 | D:7      | Found a shadowy altar of Dithmenos.
  4890 | D:7      | Reached skill level 8 in Axes
  5064 | D:7      | Found a shimmering altar of Xom.
  5071 | D:7      | Reached * piety under Okawaru
  5072 | D:7      | Reached skill level 1 in Throwing
  5098 | D:7      | Reached skill level 6 in Fighting
  5098 | D:7      | Reached skill level 1 in Invocations
  5098 | D:7      | Reached XP level 9. HP: 41/55 MP: 9/9
  5099 | D:7      | 5099 ||| INVOKING Heroism.
  5242 | D:7      | Noticed a skeletal warrior
  5246 | D:7      | 5246 ||| INVOKING Heroism.
  5256 | D:7      | HP: 13/55 [skeletal warrior/+2 heavy flail (15)]
  5257 | D:7      | 5257 ||| READING 3 scrolls of teleportation.
  5258 | D:7      | 5258 ||| DRINKING 3 potions of heal wounds.
  5260 | D:7      | 5260 ||| INVOKING Heroism.
  5407 | D:7      | Noticed a two-headed ogre
  5414 | D:7      | 5414 ||| READING 2 scrolls of identify.
  5414 | D:7      | 5414 ||| IDENTIFYING murky purple potion
  5415 | D:7      | 5415 ||| DROPPING potion of brilliance.
  5427 | D:7      | Killed a two-headed ogre
  5428 | D:7      | Reached skill level 9 in Axes
  5484 | D:7      | 5484 ||| DROPPING amulet of magic regeneration.
  5485 | D:7      | 5485 ||| READING scroll labelled ZEOHAXA UKAG.
  5519 | D:8      | Found a blossoming altar of Fedhas.
  5544 | D:8      | Found a radiant altar of Vehumet.
  5667 | D:8      | Found a shimmering blue altar of Sif Muna.
  5891 | D:8      | Noticed a two-headed ogre
  5892 | D:8      | 5892 ||| INVOKING Heroism.
  5899 | D:8      | Killed a two-headed ogre
  5939 | D:8      | Found a glowing silver altar of Zin.
  5971 | D:8      | 5971 ||| INVOKING Heroism.
  6045 | D:8      | Reached skill level 6 in Armour
  6045 | D:8      | Reached XP level 10. HP: 55/60 MP: 13/13
  6076 | D:8      | Found a bloodstained altar of Trog.
  6157 | D:8      | 6157 ||| DROPPING +1 pair of boots.
  6158 | D:8      | 6158 ||| UPGRADING to amulet of faith.
  6224 | D:9      | Reached skill level 10 in Axes
  6309 | D:9      | 6309 ||| Stepping ~*~*~tactically~*~*~ (hiding).
  6315 | D:9      | 6315 ||| INVOKING Heroism.
  6462 | D:9      | 6462 ||| Stepping ~*~*~tactically~*~*~ (hiding).
  6520 | D:9      | 6520 ||| INVOKING Heroism.
  6580 | D:9      | Noticed an ice dragon
  6580 | D:9      | Found the +2 shield of Resistance {rF++ rC++ Will++}
  6580 | D:9      | Noticed a fire dragon
  6580 | D:9      | Noticed an ice dragon
  6581 | D:9      | Found a runed translucent door.
  6581 | D:9      | Found a runed translucent door.
  6582 | D:9      | Noticed a fire dragon
  6639 | D:9      | 6639 ||| READING scroll of enchant armour.
  6639 | D:9      | 6639 ||| ENCHANTING +1 pair of gloves.
  6690 | D:9      | Noticed a two-headed ogre
  6691 | D:9      | 6691 ||| INVOKING Heroism.
  6697 | D:9      | Killed a two-headed ogre
  6851 | D:9      | 6851 ||| Stepping ~*~*~tactically~*~*~ (stealth).
  6859 | D:9      | Reached ** piety under Okawaru
  6860 | D:9      | 6860 ||| INVOKING Heroism.
  7195 | D:9      | 7195 ||| READING 3 scrolls of identify.
  7195 | D:9      | 7195 ||| IDENTIFYING inky potion
  7196 | D:9      | 7196 ||| DROPPING potion of berserk rage.
  7208 | D:10     | Entered Level 10 of the Dungeon
  7208 | D:10     | Found a flagged portal.
  7213 | D:10     | Identified the +1 hand axe "Gittuv" {flame, Int+2}
  7215 | D:10     | 7215 ||| DROPPING +0 flail.
  7219 | D:10     | 7219 ||| Stepping ~*~*~tactically~*~*~ (hiding).
  7325 | D:10     | Reached XP level 11. HP: 64/68 MP: 14/14
  7344 | D:10     | Found the +3 pair of seven-league boots {Rampage+∞}
  7345 | D:10     | 7345 ||| INVOKING Heroism.
  7345 | D:10     | Noticed a phantasmal warrior
  7346 | D:10     | 7346 ||| Stepping ~*~*~tactically~*~*~ (water).
  7348 | D:10     | HP: 17/68 [troll (3)]
  7348 | D:10     | HP: 6/68 [guardian serpent (11)]
  7349 | D:10     | 7349 ||| READING 4 scrolls of teleportation.
  7350 | D:10     | 7350 ||| DRINKING 2 potions of heal wounds.
  7351 | D:10     | 7351 ||| DRINKING potion of heal wounds.
  7505 | D:10     | Found a sacrificial altar of Ru.
  7513 | D:10     | 7513 ||| Stepping ~*~*~tactically~*~*~ (stealth).
  7836 | D:10     | Found a broken altar of Ashenzari.
  7863 | D:10     | Noticed Urug
  7864 | D:10     | 7864 ||| Stepping ~*~*~tactically~*~*~ (hiding).
  7871 | D:10     | 7871 ||| INVOKING Heroism.
  7874 | D:10     | Reached skill level 11 in Axes
  7880 | D:10     | Killed Urug
  7887 | D:10     | Reached skill level 9 in Fighting
  8035 | D:10     | 8035 ||| Stepping ~*~*~tactically~*~*~ (stealth).
  8041 | D:10     | Reached *** piety under Okawaru
  8322 | D:10     | 8322 ||| Stepping ~*~*~tactically~*~*~ (stealth).
  8323 | D:10     | 8323 ||| INVOKING Heroism.
  8347 | D:10     | Killed a phantasmal warrior
  8355 | D:10     | 8355 ||| INVOKING Heroism.
  8356 | D:10     | HP: 15/71 [guardian serpent (10)]
  8357 | D:10     | 8357 ||| READING 5 scrolls of teleportation.
  8358 | D:10     | HP: 5/71 [guardian serpent (10)]
  8366 | D:10     | 8366 ||| READING 4 scrolls of teleportation.
  8367 | D:10     | HP: 8/71 [guardian serpent (1)]
  8369 | D:10     | 8369 ||| INVOKING Heroism.
  8572 | D:10     | 8572 ||| INVOKING Heroism.
  8593 | D:10     | 8593 ||| INVOKING Heroism.
  8722 | D:10     | 8722 ||| UPGRADING to +3 pair of seven-league boots
                  | {Rampage+∞}.
  8732 | D:10     | 8732 ||| DROPPING +2 pair of boots.
  8781 | D:11     | 8781 ||| INVOKING Heroism.
  8832 | D:11     | Noticed a cyclops
  8833 | D:11     | 8833 ||| Stepping ~*~*~tactically~*~*~ (stealth).
  8834 | D:11     | 8834 ||| INVOKING Heroism.
  8846 | D:11     | Killed a cyclops
  9013 | D:11     | 9013 ||| INVOKING Heroism.
  9016 | D:11     | 9016 ||| Stepping ~*~*~tactically~*~*~ (hiding).
  9058 | D:11     | Noticed a manticore
  9059 | D:11     | 9059 ||| Stepping ~*~*~tactically~*~*~ (stealth).
  9060 | D:11     | 9060 ||| INVOKING Heroism.
  9065 | D:11     | Noticed a boulder beetle
  9067 | D:11     | Killed a manticore
  9072 | D:11     | Killed a boulder beetle
  9073 | D:11     | Reached skill level 12 in Axes
  9216 | D:11     | 9216 ||| Stepping ~*~*~tactically~*~*~ (stealth).
  9223 | D:11     | Reached **** piety under Okawaru
  9224 | D:11     | Reached skill level 6 in Shields
  9230 | D:11     | Received a gift from Okawaru
  9240 | D:11     | 9240 ||| INVOKING Heroism.
  9243 | D:11     | Reached XP level 12. HP: 47/76 MP: 12/15
  9387 | D:11     | 9387 ||| Stepping ~*~*~tactically~*~*~ (stealth).
  9388 | D:11     | 9388 ||| Stepping ~*~*~tactically~*~*~ (stealth).
  9392 | D:11     | Reached skill level 9 in Armour
  9394 | D:11     | Found a staircase to the Lair.
  9719 | D:11     | 9719 ||| Stepping ~*~*~tactically~*~*~ (stealth).
  9727 | D:11     | Reached skill level 6 in Invocations
  9928 | D:11     | 9928 ||| PLANNING LAIR
  9928 | D:11     | 9928 ||| READING 3 scrolls labelled INEOTTEENG.
  9929 | D:11     | 9929 ||| READING 3 scrolls of identify.
  9929 | D:11     | 9929 ||| IDENTIFYING amethyst potion
  9930 | D:11     | 9930 ||| READING 2 scrolls of identify.
  9930 | D:11     | 9930 ||| IDENTIFYING brown potion
  9931 | D:11     | 9931 ||| DROPPING potion of invisibility.
  9932 | D:11     | 9932 ||| DROPPING 2 scrolls of poison.
  9976 | Lair:1   | Entered Level 1 of the Lair of Beasts
  9980 | Lair:1   | Reached ***** piety under Okawaru
  9985 | Lair:1   | 9985 ||| STAIRDANCE
 10061 | Lair:1   | 10061 ||| READING scroll of enchant weapon.
 10061 | Lair:1   | 10061 ||| ENCHANTING +1 broad axe of venom.
 10068 | Lair:1   | 10068 ||| INVOKING Heroism.
 10089 | Lair:1   | 10089 ||| Stepping ~*~*~tactically~*~*~ (stealth).
 10095 | Lair:1   | 10095 ||| Stepping ~*~*~tactically~*~*~ (stealth).
 10096 | Lair:1   | 10096 ||| INVOKING Heroism.
 10175 | Lair:1   | Identified the +2 robe of the Shifting Gods {rC- rN+++ MP+9
                  | Str-2}
 10302 | Lair:1   | You fall into a shaft and drop 1 floor!
 10328 | Lair:2   | Noticed a five-headed hydra
 10329 | Lair:2   | 10329 ||| INVOKING Heroism.
 10330 | Lair:2   | 10330 ||| INVOKING Finesse.
 10331 | Lair:2   | 10331 ||| INVOKING Finesse.
 10336 | Lair:2   | 10336 ||| SWAPPING to +1 hand axe "Gittuv" {flame, Int+2}.
 10343 | Lair:2   | Killed a one-headed hydra
 10344 | Lair:2   | 10344 ||| SWAPPING to +2 broad axe of venom.
 10403 | Lair:2   | 10403 ||| INVOKING Heroism.
 10485 | Lair:2   | 10485 ||| DROPPING +2 pair of gloves.
 10502 | Lair:1   | Received a gift from Okawaru
 10512 | Lair:1   | 10512 ||| READING scroll of enchant armour.
 10512 | Lair:1   | 10512 ||| ENCHANTING +0 plate armour.
 11189 | Lair:2   | 11189 ||| INVOKING Heroism.
 11373 | Lair:2   | Noticed a seven-headed hydra
 11374 | Lair:2   | 11374 ||| INVOKING Heroism.
 11375 | Lair:2   | 11375 ||| INVOKING Finesse.
 11376 | Lair:2   | 11376 ||| INVOKING Finesse.
 11377 | Lair:2   | 11377 ||| SWAPPING to +1 hand axe "Gittuv" {flame, Int+2}.
 11386 | Lair:2   | Killed a one-headed hydra
 11387 | Lair:2   | 11387 ||| SWAPPING to +2 broad axe of venom.
 11489 | Lair:2   | Found a hole to the Spider Nest.
 11490 | Lair:2   | 11490 ||| INVOKING Heroism.
 11498 | Lair:2   | Reached skill level 9 in Invocations
 11641 | Lair:2   | Noticed a catoblepas
 11642 | Lair:2   | 11642 ||| INVOKING Heroism.
 11650 | Lair:2   | Killed a catoblepas
 11651 | Lair:2   | Reached XP level 13. HP: 80/82 MP: 17/20
 11712 | Lair:2   | Reached skill level 13 in Axes
 11718 | Lair:2   | Identified the +7 chain mail "Henaqaust" {rCorr Str+2}
                  | (Okawaru gifted it to you on level 2 of the Lair of Beasts)
 11718 | Lair:2   | Received a gift from Okawaru
 11760 | Lair:2   | Found a staircase to the Shoals.
 12169 | Lair:2   | 12169 ||| UPGRADING to +7 chain mail "Henaqaust" {rCorr
                  | Str+2}.
 12179 | Lair:2   | 12179 ||| DROPPING +1 plate armour.
 12184 | Lair:2   | 12184 ||| READING 3 scrolls of identify.
 12184 | Lair:2   | 12184 ||| IDENTIFYING murky amethyst potion
 12228 | Lair:3   | 12228 ||| INVOKING Heroism.
 12287 | Lair:3   | 12287 ||| Stepping ~*~*~tactically~*~*~ (stealth).
 12289 | Lair:3   | 12289 ||| INVOKING Heroism.
 12326 | Lair:3   | 12326 ||| INVOKING Heroism.
 12327 | Lair:3   | 12327 ||| Stepping ~*~*~tactically~*~*~ (stealth).
 12357 | Lair:3   | Reached skill level 14 in Axes
 12471 | Lair:3   | 12471 ||| INVOKING Heroism.
 12853 | Lair:3   | 12853 ||| READING scroll of enchant weapon.
 12853 | Lair:3   | 12853 ||| ENCHANTING +2 broad axe of venom.
 12882 | Lair:3   | Found a runed translucent gate.
 12882 | Lair:3   | Found a runed translucent gate.
 12882 | Lair:3   | Found a runed translucent gate.
 12883 | Lair:3   | Noticed qw's ghost (journeyman GrFi)
 12905 | Lair:3   | Noticed Gastronok
 12906 | Lair:3   | 12906 ||| Stepping ~*~*~tactically~*~*~ (hiding).
 12907 | Lair:3   | 12907 ||| Stepping ~*~*~tactically~*~*~ (hiding).
 12918 | Lair:3   | 12918 ||| INVOKING Heroism.
 12936 | Lair:3   | Killed Gastronok
 13463 | Lair:4   | 13463 ||| INVOKING Heroism.
 13538 | Lair:4   | Found a viscous altar of Jiyva.
 13539 | Lair:4   | Found a staircase to the Slime Pits.
 13633 | Lair:4   | 13633 ||| Stepping ~*~*~tactically~*~*~ (stealth).
 13637 | Lair:4   | 13637 ||| Stepping ~*~*~tactically~*~*~ (water).
 13658 | Lair:4   | 13658 ||| Stepping ~*~*~tactically~*~*~ (water).
 13730 | Lair:4   | 13730 ||| INVOKING Heroism.
 13854 | Lair:4   | 13854 ||| INVOKING Heroism.
 14245 | Lair:4   | 14245 ||| READING scroll of enchant weapon.
 14245 | Lair:4   | 14245 ||| ENCHANTING +3 broad axe of venom.
 14268 | Lair:4   | 14268 ||| READING 3 scrolls of identify.
 14268 | Lair:4   | 14268 ||| IDENTIFYING silvery potion
 14316 | Lair:5   | Entered Level 5 of the Lair of Beasts
 14317 | Lair:5   | 14317 ||| PLANNING GAUNTLET
 14360 | Lair:5   | 14360 ||| INVOKING Heroism.
 14367 | Lair:5   | 14367 ||| Stepping ~*~*~tactically~*~*~ (stealth).
 14376 | Lair:5   | Reached skill level 15 in Axes
 14378 | Lair:5   | Gained mutation: Your large and strong wings let you fly.
                  | [Gargoyle growth]
 14378 | Lair:5   | Reached XP level 14. HP: 90/90 MP: 21/21
 14384 | Lair:5   | Received a gift from Okawaru
 14444 | Lair:5   | 14444 ||| FLEEEEING.
 14454 | Lair:5   | 14454 ||| STAIRDANCE
 14504 | Lair:5   | Found a runed translucent door.
 14506 | Lair:5   | Noticed qw's ghost (journeyman GrFi)
 14507 | Lair:5   | Identified the +3 spear of Dissolution {pain, *Rage +Blink
                  | SInv}
 14532 | Lair:5   | 14532 ||| Stepping ~*~*~tactically~*~*~ (stealth).
 14535 | Lair:5   | 14535 ||| INVOKING Heroism.
 14536 | Lair:5   | 14536 ||| INVOKING Finesse.
 14541 | Lair:5   | Reached skill level 3 in Dodging
 14542 | Lair:5   | Received a gift from Okawaru
 14560 | Lair:5   | Received a gift from Okawaru
 14638 | Lair:5   | Found a runed translucent door.
 14640 | Lair:5   | 14640 ||| INVOKING Heroism.
 14645 | Lair:5   | Received a gift from Okawaru
 14684 | Lair:5   | 14684 ||| INVOKING Heroism.
 14696 | Lair:5   | 14696 ||| Stepping ~*~*~tactically~*~*~ (stealth).
 14698 | Lair:5   | 14698 ||| Stepping ~*~*~tactically~*~*~ (hiding).
 14705 | Lair:5   | Reached skill level 12 in Fighting
 14706 | Lair:5   | Received a gift from Okawaru
 14736 | Lair:5   | 14736 ||| Stepping ~*~*~tactically~*~*~ (stealth).
 14738 | Lair:5   | 14738 ||| Stepping ~*~*~tactically~*~*~ (stealth).
 14744 | Lair:5   | 14744 ||| INVOKING Heroism.
 14764 | Lair:5   | 14764 ||| Stepping ~*~*~tactically~*~*~ (stealth).
 14824 | Lair:5   | 14824 ||| INVOKING Heroism.
 14873 | Lair:5   | 14873 ||| Stepping ~*~*~tactically~*~*~ (stealth).
 14890 | Lair:5   | 14890 ||| INVOKING Heroism.
 15045 | Lair:5   | 15045 ||| Stepping ~*~*~tactically~*~*~ (stealth).
 15050 | Lair:5   | Reached skill level 6 in Throwing
 15060 | Lair:5   | 15060 ||| INVOKING Heroism.
 15276 | Lair:5   | 15276 ||| INVOKING Heroism.
 15277 | Lair:5   | 15277 ||| INVOKING Finesse.
 15456 | Lair:5   | 15456 ||| FLEEEEING.
 15458 | Lair:5   | 15458 ||| INVOKING Heroism.
 15491 | Lair:5   | Reached skill level 16 in Axes
 15491 | Lair:5   | 15491 ||| Stepping ~*~*~tactically~*~*~ (stealth).
 15492 | Lair:5   | 15492 ||| Stepping ~*~*~tactically~*~*~ (stealth).
 15494 | Lair:5   | 15494 ||| Stepping ~*~*~tactically~*~*~ (hiding).
 15528 | Lair:5   | 15528 ||| INVOKING Heroism.
 15532 | Lair:5   | 15532 ||| INVOKING Finesse.
 15538 | Lair:5   | Received a gift from Okawaru
 15544 | Lair:5   | 15544 ||| SWAPPING to +1 hand axe "Gittuv" {flame, Int+2}.
 15555 | Lair:5   | 15555 ||| SWAPPING to +4 broad axe of venom.
 15705 | Lair:5   | 15705 ||| INVOKING Heroism.
 15706 | Lair:5   | 15706 ||| INVOKING Finesse.
 15710 | Lair:5   | 15710 ||| SWAPPING to +1 hand axe "Gittuv" {flame, Int+2}.
 15714 | Lair:5   | 15714 ||| SWAPPING to +4 broad axe of venom.
 15778 | Lair:5   | 15778 ||| RIP GAUNTLET
 15778 | Lair:5   | 15778 ||| PLANNING LAIR
 16324 | Lair:5   | 16324 ||| PLANNING D
 16324 | Lair:5   | 16324 ||| READING scroll labelled XEISANTOTHA.
 16325 | Lair:5   | 16325 ||| READING 4 scrolls of identify.
 16325 | Lair:5   | 16325 ||| IDENTIFYING lumpy orange potion
 16326 | Lair:5   | 16326 ||| READING 3 scrolls of identify.
 16326 | Lair:5   | 16326 ||| IDENTIFYING viscous green potion
 16508 | D:12     | 16508 ||| Stepping ~*~*~tactically~*~*~ (hiding).
 16524 | D:12     | Identified the +2 robe of Ennui {Harm Dex+3} (Okawaru
                  | gifted it to you on level 12 of the Dungeon)
 16524 | D:12     | Received a gift from Okawaru
 16528 | D:12     | 16528 ||| INVOKING Heroism.
 16529 | D:12     | 16529 ||| INVOKING Finesse.
 16626 | D:12     | 16626 ||| Stepping ~*~*~tactically~*~*~ (stealth).
 16649 | D:12     | 16649 ||| READING scroll of enchant weapon.
 16649 | D:12     | 16649 ||| ENCHANTING +4 broad axe of venom.
 16670 | D:12     | Found a staircase to the Orcish Mines.
 16753 | D:12     | Found Husaphikk's Magic Scroll Emporium.
 16760 | D:12     | 16760 ||| SHOPLISTING scroll of acquirement (884 gold, have
                  | 856).
 16760 | D:12     | 16760 ||| BUYING scroll of brand weapon (161 gold).
 16760 | D:12     | Bought a scroll of brand weapon for 161 gold pieces
 16760 | D:12     | 16760 ||| BUYING scroll of enchant weapon (127 gold).
 16760 | D:12     | Bought a scroll of enchant weapon for 127 gold pieces
 16760 | D:12     | 16760 ||| BUYING scroll of teleportation (51 gold).
 16760 | D:12     | Bought a scroll of teleportation for 51 gold pieces
 16760 | D:12     | 16760 ||| READING scroll of brand weapon.
 16760 | D:12     | 16760 ||| BRANDING +5 broad axe of venom.
 16761 | D:12     | 16761 ||| DROPPING +1 hand axe "Gittuv" {flame, Int+2}.
 16762 | D:12     | 16762 ||| DROPPING +4 broad axe of venom.
 16763 | D:12     | 16763 ||| READING scroll of enchant weapon.
 16763 | D:12     | 16763 ||| ENCHANTING +5 broad axe of flaming.
 16767 | D:12     | Found a radiant altar of Vehumet.
 16770 | D:12     | 16770 ||| Stepping ~*~*~tactically~*~*~ (stealth).
 16780 | D:12     | 16780 ||| INVOKING Heroism.
 16788 | D:12     | Reached XP level 15. HP: 96/96 MP: 20/22
 17216 | D:12     | Noticed Fannar
 17224 | D:12     | Killed Fannar
 17251 | D:12     | 17251 ||| UPGRADING to +6 ring of dexterity.
 17252 | D:12     | 17252 ||| READING scroll labelled CUPRAT WUTSEG.
 17273 | D:13     | Noticed Erolcha
 17280 | D:13     | Killed Erolcha
 17317 | D:13     | 17317 ||| Stepping ~*~*~tactically~*~*~ (hiding).
 17318 | D:13     | 17318 ||| Stepping ~*~*~tactically~*~*~ (hiding).
 17326 | D:13     | 17326 ||| INVOKING Heroism.
 17573 | D:13     | 17573 ||| INVOKING Heroism.
 17709 | D:13     | 17709 ||| INVOKING Heroism.
 17821 | D:13     | 17821 ||| INVOKING Heroism.
 17950 | D:13     | Found Kiesch's Distillery.
 17955 | D:13     | 17955 ||| BUYING 2 potions of might (128 gold).
 17955 | D:13     | Bought 2 potions of might for 128 gold pieces
 17955 | D:13     | 17955 ||| BUYING potion of attraction (48 gold).
 17955 | D:13     | Bought a potion of attraction for 48 gold pieces
 17955 | D:13     | 17955 ||| BUYING potion of attraction (48 gold).
 17955 | D:13     | Bought a potion of attraction for 48 gold pieces
 17955 | D:13     | 17955 ||| BUYING potion of curing (48 gold).
 17955 | D:13     | Bought a potion of curing for 48 gold pieces
 17955 | D:13     | 17955 ||| BUYING potion of heal wounds (80 gold).
 17955 | D:13     | Bought a potion of heal wounds for 80 gold pieces
 17955 | D:13     | 17955 ||| BUYING potion of lignification (48 gold).
 17955 | D:13     | Bought a potion of lignification for 48 gold pieces
 17955 | D:13     | 17955 ||| BUYING potion of might (64 gold).
 17955 | D:13     | Bought a potion of might for 64 gold pieces
 17979 | D:13     | Noticed Maurice
 17990 | D:13     | Killed Maurice
 18147 | D:13     | Reached skill level 17 in Axes
 18165 | D:13     | 18165 ||| INVOKING Heroism.
 18430 | D:13     | 18430 ||| UPGRADING to +0 cloak.
 18587 | D:13     | 18587 ||| INVOKING Heroism.
 18869 | D:13     | 18869 ||| READING 5 scrolls of identify.
 18869 | D:13     | 18869 ||| IDENTIFYING lumpy golden potion
 18870 | D:13     | 18870 ||| DROPPING potion of ambrosia.
 18929 | D:14     | 18929 ||| Stepping ~*~*~tactically~*~*~ (hiding).
 18944 | D:14     | 18944 ||| FLEEEEING.
 18952 | D:14     | 18952 ||| STAIRDANCE
 19013 | D:14     | 19013 ||| Stepping ~*~*~tactically~*~*~ (stealth).
 19015 | D:14     | 19015 ||| INVOKING Heroism.
 19020 | D:14     | Noticed Louise
 19030 | D:14     | 19030 ||| Stepping ~*~*~tactically~*~*~ (hiding).
 19031 | D:14     | 19031 ||| Stepping ~*~*~tactically~*~*~ (hiding).
 19054 | D:14     | Killed Louise
 19181 | D:14     | Noticed Nessos
 19182 | D:14     | 19182 ||| INVOKING Heroism.
 19199 | D:14     | Killed Nessos
 19206 | D:14     | 19206 ||| INVOKING Heroism.
 19206 | D:14     | HP: 19/98 [centaur warrior (9)]
 19207 | D:14     | 19207 ||| READING 9 scrolls of teleportation.
 19208 | D:14     | 19208 ||| DRINKING 4 potions of heal wounds.
 19394 | D:14     | Noticed Josephine
 19395 | D:14     | 19395 ||| Stepping ~*~*~tactically~*~*~ (stealth).
 19405 | D:14     | Received a gift from Okawaru
 19413 | D:14     | 19413 ||| Stepping ~*~*~tactically~*~*~ (stealth).
 19415 | D:14     | 19415 ||| Stepping ~*~*~tactically~*~*~ (stealth).
 19562 | D:14     | Killed Josephine
 19567 | D:14     | Noticed Agnes
 19568 | D:14     | 19568 ||| Stepping ~*~*~tactically~*~*~ (stealth).
 19570 | D:14     | 19570 ||| Stepping ~*~*~tactically~*~*~ (stealth).
 19571 | D:14     | 19571 ||| INVOKING Heroism.
 19578 | D:14     | Killed Agnes
 19698 | D:14     | Noticed Azrael
 19699 | D:14     | 19699 ||| Stepping ~*~*~tactically~*~*~ (stealth).
 19701 | D:14     | 19701 ||| Stepping ~*~*~tactically~*~*~ (hiding).
 19704 | D:14     | 19704 ||| INVOKING Heroism.
 19720 | D:14     | HP: 5/98 [Azrael/damnation (35)]
 19721 | D:14     | 19721 ||| READING 8 scrolls of teleportation.
 19722 | D:14     | 19722 ||| DRINKING 3 potions of heal wounds.
 19723 | D:14     | 19723 ||| DRINKING 2 potions of heal wounds.
 19723 | D:14     | Killed from afar by Azrael

Levels and vault maps discovered:
D:1:      nicolae_arrival_washed_ashore, layout_basic
D:2:      layout_basic, shapermc_ecumenical_altar_venn, interstate_on_off,
          dreamdust_wishing_well, grunt_decor_fettered, serial_bayou_crossing,
          uniq_terence, uniq_natasha
D:3:      layout_loops_ring, pdpol_wu_jian_five_deadly_venoms
D:4:      layout_rooms
D:5:      layout_cave_pools, bloody_makhleb, nicolae_shop_vocational
D:6:      layout_basic, nicolae_uskayaw_suspiria, minmay_temple_entry_glass,
          serial_glass, glass_columns_a, glass_columns_a, nicolae_shop_fire_sale
          [nicolae_sub_dead_trees], uniq_prince_ribbit1
D:7:      minmay_chambers_of_sixes, layout_basic, led_xom_imps,
          grunt_dithmenos_smoke
D:8:      layout_gridville, kennysheep_little_box,
          mainiacjoe_overflow_tiny_flanked, zin_statuary, kennysheep_mini,
          mainiacjoe_overflow_small_starburst
D:9:      layout_roguey, minmay_guarded_unrand_resistance
D:10:     layout_layer_cave, mainiacjoe_overflow_boulevard, marbit_many_paths,
          enter_bailey_2, hellmonk_guarded_unrand_seven_league_boots, uniq_urug
D:11:     layout_irregular_city, minmay_lair_entry_grove, minivault_26,
          st_stairs_7, minmay_diced_spiral
D:12:     layout_long_grid, orc_0_dummy, serial_shops, shop, vehumet_crystals,
          uniq_fannar
D:13:     layout_irregular_city, serial_shops, shop, palyth_stone_intersect,
          worms_lemuel, uniq_maurice, uniq_erolcha
D:14:     layout_roguey, skrybe_vaults_entry_preservation,
          nicolae_elevator_lobby_asterisk, uniq_azrael, uniq_agnes, uniq_louise,
          uniq_nessos, uniq_josephine
Temple:   chequers_temple_sunken
Lair:1:   layout_regular_city
Lair:2:   layout_regular_city, nicolae_shoals_entry_roost,
          spider_nest_entry_rubble, nicolae_volcano_entry_two_sided,
          chequers_serial_rivers_micro_b, infiniplex_staircase_pool_2
Lair:3:   layout_regular_city, ebering_ghost_rock_garden, grunt_megastairs_4,
          serial_bayou_shore_a, serial_bayou_shore_b, uniq_gastronok
Lair:4:   layout_regular_city, nicolae_slime_entry_slimehenge,
          grunt_megastairs_1, serial_bayou_shore_b, lemuel_fruit_fields
Lair:5:   wormcave, layout_gridlike, hangedman_lair_in_review,
          ebering_ghost_funeral_grove, portal_ice_cave_entry_pillars_2,
          gauntlet_entry_generic

Skill      XL: |  1  2  3  4  5  6  7  8  9 10 11 12 13 14 15 |
---------------+----------------------------------------------+-----
Axes           | 2 3 4 5 6 7 8 9 10 12 15 16 17 | 17.1
Fighting       | 4 5 6 8 9 10 11 12 13 | 13.0
Armour         | 4 5 6 7 8 9 10 | 10.0
Dodging        | 2 3 5 |  5.0
Throwing       | 1 4 5 6 |  6.7
Invocations    | 1 4 9 10 | 10.0
Shields        | 4 5 6 7 8 |  8.2

Action                     |  1- 3 |  4- 6 |  7- 9 | 10-12 | 13-15 || total
---------------------------+-------+-------+-------+-------+-------++-------
  Melee: War axe           |    42 |       |       |       |       ||    42
         Broad axe         |    44 |    96 |   204 |   435 |   691 ||  1470
         Hand axe          |       |       |       |    15 |    11 ||    26
  Throw: Boomerang         |       |       |    26 |    18 |    30 ||    74
         Javelin           |       |       |       |    80 |   173 ||   253
 Invoke: Heroism           |       |       |     5 |    24 |    33 ||    62
         Finesse           |       |       |       |     2 |     5 ||     7
    Use: Scroll            |     3 |     9 |     7 |    10 |    14 ||    43
         Potion            |     1 |     3 |     4 |     2 |     3 ||    13
 Armour: Scale mail        |    38 |     9 |       |       |       ||    47
         Plate armour      |       |    44 |   164 |   378 |    29 ||   615
         Chain mail        |       |       |       |       |   380 ||   380
  Dodge: Dodged            |    36 |    29 |    64 |   170 |   269 ||   568
  Block: Buckler           |    11 |    16 |    44 |   110 |   158 ||   339

Table legend:
 A = Non-vault XP
 B = Vault XP
 C = Vault XP percentage of total XP
 D = Non-vault monster count
 E = Vault monster count
 F = Vault count percentage of total count
                 A         B        C        D         E       F
            +---------+---------+-------+---------+---------+-------
      Total |   69292 |   46089 |  39.9 |     354 |     121 |  25.5
            +---------+---------+-------+---------+---------+-------
        D:1 |      18 |       0 |   0.0 |      11 |       0 |   0.0
        D:2 |      37 |      71 |  65.7 |      19 |       2 |   9.5
        D:3 |      95 |       0 |   0.0 |      12 |       0 |   0.0
        D:4 |     239 |       0 |   0.0 |      11 |       0 |   0.0
        D:5 |     600 |       0 |   0.0 |      21 |       0 |   0.0
        D:6 |     268 |     286 |  51.6 |       8 |       1 |  11.1
        D:7 |     682 |    1401 |  67.3 |      12 |       9 |  42.9
        D:8 |    1222 |       0 |   0.0 |       9 |       0 |   0.0
        D:9 |    3607 |       0 |   0.0 |      27 |       0 |   0.0
       D:10 |    1628 |    3415 |  67.7 |      19 |      10 |  34.5
       D:11 |    3955 |    4582 |  53.7 |      17 |      18 |  51.4
       D:12 |    5987 |     865 |  12.6 |      28 |       1 |   3.4
       D:13 |    9538 |    3252 |  25.4 |      18 |       7 |  28.0
       D:14 |    3063 |   10227 |  77.0 |      12 |      19 |  61.3
     Lair:1 |    4507 |       0 |   0.0 |      23 |       0 |   0.0
     Lair:2 |    5392 |    2409 |  30.9 |      20 |       4 |  16.7
     Lair:3 |    6559 |    3013 |  31.5 |      16 |       5 |  23.8
     Lair:4 |    8258 |     688 |   7.7 |      28 |       7 |  20.0
     Lair:5 |   13637 |   15880 |  53.8 |      43 |      38 |  46.9
            +---------+---------+-------+---------+---------+-------
